 Dungeon Crawl Stone Soup version 0.25-a0-35-g747a2b3c0c (webtiles) character file.

Game seed: 1794878212844921192, levelgen mode: deterministic

77430 Arum the Cruncher (level 16, 0/133 HPs)
             Began as a Formicid Fighter on Oct 19, 2019.
             Was an Initiate of Gozag.
             Killed from afar by an ice statue (19 damage)
             ... with a bolt of cold
             ... in an ice cave.
             The game lasted 01:06:22 (27985 turns).

Arum the Cruncher (Formicid Fighter)               Turns: 27985, Time: 01:06:22

Health: 0/133      AC: 21    Str: 26    XL:     16   Next: 5%
Magic:  0/31       EV: 22    Int: 11    God:    Gozag
Gold:   4972       SH: 17    Dex: 31    Spells: 31/31 levels left

rFire    . . .     SeeInvis +   U - +2 falchion (flame)
rCold    . . .     Gourm    .   F - +3 shield
rNeg     . . .     Faith    .   v - +4 chain mail
rPois    +         Spirit   +   (helmet unavailable)
rElec    .         Reflect  .   V - scarf {repulsion}
rCorr    .         Harm     .   I - +2 pair of gloves {Dex+3}
MR       +....                  j - +0 pair of boots "Geolifu" {rF- Str+3 Dex+6}
Stlth    ..........             T - amulet of guardian spirit
HPRegen  0.32/turn              P - +5 ring of dexterity
MPRegen  0.22/turn              m - ring of poison resistance

@: agile, repel missiles
A: permanent stasis, dig shafts and tunnels, four strong arms, antennae 3, fire
resistance 1, high mp 1
a: Dig, Shaft Self, Potion Petition, Call Merchant, Bribe Branch, Renounce
Religion


You were in an ice cave.
You worshipped Gozag.
Gozag was most pleased with you.
You were not hungry.

You visited 4 branches of the dungeon, and saw 24 of its levels.
You also visited: Ice Cave.

You collected 7979 gold pieces.
You spent 909 gold pieces at shops.
You paid 2098 gold pieces to Gozag.

Inventory:

Hand Weapons
 a - a +1 quarterstaff
 B - a +1 quarterstaff of speed
 J - the +11 falchion of the Madman {slice, rN++ Str+5 Dex-3}
   (You found it on level 14 of the Dungeon)

   It inflicts extra damage upon your enemies.
   It affects your strength (+5).
   It affects your dexterity (-3).
   It greatly protects you from negative energy.
 U - a +2 falchion of flaming (weapon)
Missiles
 s - 2 throwing nets
 A - 5 silver javelins (quivered)
 G - 9 javelins
Armour
 g - a +2 pair of gloves of strength
 j - the +0 pair of boots "Geolifu" (worn) {rF- Str+3 Dex+6}
   (You found it on level 11 of the Dungeon)

   It affects your strength (+3).
   It affects your dexterity (+6).
   It makes you vulnerable to fire.
 v - a +4 chain mail (worn)
 F - a +3 shield (worn)
 I - a +2 pair of gloves of dexterity (worn)
 V - a scarf of repulsion (worn)
Jewellery
 c - an uncursed ring of protection from fire
 i - an uncursed ring of protection from magic
 m - a ring of poison resistance (right hand)
 n - an uncursed ring of magical power
 p - an uncursed ring of fire
 y - an uncursed ring of wizardry
 E - an uncursed ring of protection from fire
 M - an uncursed ring of positive energy
 P - a +5 ring of dexterity (left hand)
 T - an amulet of guardian spirit (around neck)
Wands
 b - a wand of clouds (5)
 t - a wand of iceblast (29)
 N - a wand of random effects (13)
 O - a wand of acid (4)
 Y - a wand of paralysis (9)
 Z - a wand of disintegration (12)
Scrolls
 e - 5 scrolls of amnesia
 h - 7 scrolls of remove curse
 q - a scroll of fear
 w - 2 scrolls of noise
 C - 2 scrolls of immolation
 D - 5 scrolls of enchant armour
 H - a scroll of fog
 S - 3 scrolls of identify
 X - a scroll of enchant weapon
Potions
 d - 8 potions of might
 k - a potion of ambrosia {unknown}
 l - 13 potions of curing
 o - 2 potions of haste {unknown}
 r - 3 potions of mutation
 u - 2 potions of brilliance {unknown}
 x - 2 potions of heal wounds
 z - 2 potions of cancellation {unknown}
 K - a potion of invisibility {unknown}
 L - 4 potions of berserk rage {unknown}
 Q - 2 potions of lignification {unknown}
 R - 3 potions of agility
Miscellaneous
 W - a lamp of fire
Comestibles
 f - 11 rations


   Skills:
 - Level 14.0 Fighting
 * Level 8.7 Long Blades
 - Level 14.4 Staves
 + Level 11.0 Armour
 - Level 9.0 Dodging
 - Level 9.0 Shields
 + Level 8.4 Spellcasting


You had 31 spell levels left.
You didn't know any spells.
Your spell library contained the following spells:

 Spells                   Type           Power        Failure   Level  Hunger
 Animate Skeleton         Necr           N/A          56%         1    None
 Apportation              Tloc           #.....       56%         1    None
 Beastly Appendage        Tmut           #.....       56%         1    None
 Confusing Touch          Hex            #.....       56%         1    None
 Corona                   Hex            #......      56%         1    None
 Freeze                   Ice            #...         56%         1    None
 Sting                    Conj/Pois      #...         56%         1    None
 Summon Butterflies       Summ           #.......     56%         1    None
 Summon Small Mammal      Summ           #...         56%         1    None
 Ensorcelled Hibernation  Hex/Ice        #.....       71%         2    #......
 Poisonous Vapours        Pois/Air       #.....       71%         2    #......
 Sticks to Snakes         Tmut           #.......     71%         2    #......
 Throw Frost              Conj/Ice       #.....       71%         2    #......
 Call Canine Familiar     Summ           #.......     90%         3    ##.....
 Confuse                  Hex            #.......     90%         3    ##.....
 Dazzling Spray           Conj/Hex       #.....       90%         3    ##.....
 Ignite Poison            Fire/Tmut/Pois #.......     90%         3    ##.....
 Mephitic Cloud           Conj/Pois/Air  #.......     90%         3    ##.....
 Ozocubu's Armour         Chrm/Ice       #.......     90%         3    ##.....
 Spider Form              Tmut/Pois      #.........   90%         3    ##.....
 Tukima's Dance           Hex            #.......     90%         3    ##.....
 Ice Form                 Ice/Tmut       #.......     100%        4    ####...
 Olgreb's Toxic Radiance  Pois           #.......     100%        4    ####...
 Summon Ice Beast         Ice/Summ       #.......     100%        4    ####...
 Summon Lightning Spire   Summ/Air       #.......     100%        4    ####...
 Throw Icicle             Conj/Ice       #.......     100%        4    ####...
 Blade Hands              Tmut           #.........   100%        5    ######.
 Bolt of Magma            Conj/Fire/Erth #.........   100%        5    ######.
 Fireball                 Conj/Fire      #.........   100%        5    ######.
 Iskenderun's Battlesphe  Conj/Chrm      #.......     100%        5    ######.
 Silence                  Hex/Air        #.........   100%        5    ######.
 Summon Mana Viper        Hex/Summ       #.......     100%        5    ######.
 Venom Bolt               Conj/Pois      #.........   100%        5    ######.
 Bolt of Fire             Conj/Fire      #.........   100%        6    #######
 Conjure Ball Lightning   Conj/Air       #.........   100%        6    #######
 Deflect Missiles         Chrm/Air       #.........   100%        6    #######
 Iron Shot                Conj/Erth      #.........   100%        6    #######
 Orb of Destruction       Conj           #.........   100%        7    #######
 Ring of Flames           Chrm/Fire      #.........   100%        7    #######
 Spellforged Servitor     Conj/Summ      #.........   100%        7    #######
 Summon Hydra             Summ           #.........   100%        7    #######
 Ignition                 Fire           #.........   100%        8    #######
 Tornado                  Air            #.........   100%        9    #######


Dungeon Overview and Level Annotations

Branches:
Dungeon (15/15)            Temple (1/1) D:6            Lair (6/6) D:10
  Swamp (0/4) Lair:3        Snake (0/4) Lair:3          Orc (2/2) D:9
    Elf (0/3) Orc:2        Vaults (0/5) D:14         Depths (0/5) D:15
  IceCv (1/1)
  Slime: Lair:5-6

Altars:
Ashenzari
Cheibriados
Dithmenos
Elyvilon
Fedhas
Gozag
Hepliaklqana
Kikubaaqudgha
Makhleb
Nemelex Xobeh
Okawaru
Qazlal
Ru
Sif Muna
Trog
Uskayaw
Vehumet
Wu Jian
Xom
Yredelemnul
Zin
The Shining One
Beogh
Jiyva

Shops:
D:4 *   D:5 (   Orc:2 [*(=

Annotations:
D:8 1 runed translucent door
D:12 6 runed translucent doors
Lair:3 2 transporters, Naannir's ghost, journeyman SpAs
Lair:5 2 transporters, Libboc's ghost, journeyman DEFE
Lair:6 1 runed translucent door, exclusion: oklob plant IceCv 1 transporter, exclusion: 2 ice statues


Innate Abilities, Weirdness & Mutations

You cannot be hasted, slowed, berserked, paralysed or teleported.
You can dig through walls and to a lower floor.
Your four strong arms can wield two-handed weapons with a shield.
You have a pair of large antennae on your head. (SInv)
Your flesh is heat resistant. (rF+)
You have an increased reservoir of magic. (+10% MP)


Message History

You hit the ice statue.
You melt the ice statue.
The ice statue is severely damaged.
You are engulfed in freezing vapours.
* * * LOW HITPOINT WARNING * * *
The white ugly thing is engulfed in freezing vapours.
You block the white ugly thing's attack.
You block the ice beast's attack.
The ice statue gestures.
You hit the white ugly thing. You burn the white ugly thing.
The white ugly thing is almost dead.
You are engulfed in freezing vapours.
* * * LOW HITPOINT WARNING * * *
You block the ice beast's attack.
The white ugly thing is engulfed in freezing vapours.
The white ugly thing misses you.
The ice beast hits you but does no damage.
The ice statue gestures at you. The bolt of cold hits you!!
You die...
Your body crumbles into a pile of gold.

###########
##...[©%...##
#...8.=.8...#
##....$.%..Y.##
#...Y..[YY.°..#
###
#....8...8@°..#
#..
#........uY...#
###
#........°..##
#...........#
#.....©.....#
##.........##
##...∩...##
##.....##
#######


You could see 2 ice statues, a white ugly thing and 5 ice beasts.

Vanquished Creatures
  Frances (D:13)
  Kirke (D:14)
  An orc warlord (Orc:1)
  An ettin (D:14)
  7 hydras
  5 two-headed ogres
  4 centaur warriors
  2 tengu warriors
  A death yak (Lair:6)
  Urug (Orc:2)
  An orc high priest (Orc:1)
  A shadow wraith (D:14)
  A fire crab (D:12)
  3 skeletal warriors (D:15)
  4 unseen horrors
  2 wizards
  3 deep elf archers
  4 orc knights
  A wolf spider zombie (D:15)
  A manticore (D:15)
  3 deep elf magi
  2 ugly things
  An oklob plant (D:7)
  5 cyclopes
  5 orc sorcerers
  2 black mambas
  4 elephants (Lair:5)
  A torpor snail (Lair:3)
  10 spiny frogs
  2 gargoyles
  6 komodo dragons
  A rime drake (Lair:4)
  A freezing wraith (D:14)
  A tengu conjurer (D:13)
  2 meliai (D:14)
  11 trolls
  2 tyrant leeches (Lair:3)
  Grinder (D:4)
  3 hippogriffs
  2 dream sheep (D:11)
  2 shadows
  2 wraiths
  A water elemental (D:12)
  3 hogs (D:14)
  2 wyverns
  60 yaks
  7 basilisks
  10 hungry ghosts
  4 vampire mosquitoes (D:14)
  Menkaure (D:4)
  An acid dragon (D:13)
  3 wargs
  4 nagas (Lair:3)
  A soldier ant (D:10)
  A swamp worm (Lair:3)
  7 water moccasins
  13 porcupines
  6 ice beasts (IceCv)
  41 orc warriors
  A black bear (D:6)
  A necrophage (D:10)
  6 sky beasts
  9 wolves
  9 ogres
  5 boggarts (D:15)
  4 centaurs
  13 crocodiles
  7 big kobolds
  9 bullfrogs
  9 scorpions
  6 killer bees (D:11)
  A howler monkey (shapeshifter) (D:14)
  8 wights
  5 electric eels
  A howler monkey (D:6)
  3 centaur zombies
  A lava snake (D:14)
  3 crimson imps
  3 bullfrog zombies
  3 jellies
  33 orc wizards
  3 centaur skeletons
  12 hounds
  4 bullfrog skeletons
  20 orc priests
  A gnoll shaman (Orc:1)
  An iguana (D:12)
  Natasha (thrice) (D:2)
  Terence (D:2)
  11 worker ants
  A hound zombie (D:5)
  3 hound skeletons
  A howler monkey zombie (D:7)
  2 worker ant zombies (D:6)
  Robin (D:3)
  15 gnolls
  17 adders
  4 shadow imps
  An ooze (D:3)
  An adder skeleton (D:5)
  An adder zombie (D:6)
  A worm (shapeshifter) (D:14)
  A worm (D:2)
  4 dart slugs
  5 leopard geckos
  77 orcs
  A ball python (D:3)
  9 bats
  6 giant cockroaches
  16 goblins
  12 hobgoblins
  16 jackals
  4 quokkas
  15 frilled lizards
  28 kobolds
  A leopard gecko zombie (D:4)
  A quokka skeleton (D:4)
  A quokka zombie (D:7)
  9 rats
  A plant (Lair:4)
730 creatures vanquished.

Vanquished Creatures (others)
  An unseen horror (D:12)
  A meliai (D:14)
  A killer bee (D:12)
  An orc priest (Orc:1)
  An adder (D:12)
  An orc (D:12)
  A fungus (Lair:2)
  A plant (D:10)
8 creatures vanquished.

Grand Total: 738 creatures vanquished

Notes
Turn   | Place    | Note
-------+----------+-------------------------------------------
     0 | D:1      | Arum the Formicid Fighter began the quest for the Orb.
     0 | D:1      | Reached XP level 1. HP: 18/18 MP: 1/1
    63 | D:1      | Reached XP level 2. HP: 21/24 MP: 2/2
   292 | D:1      | Reached XP level 3. HP: 29/29 MP: 3/3
  1044 | D:2      | Found a hide-covered altar of Uskayaw.
  1058 | D:2      | Reached XP level 4. HP: 25/37 MP: 4/4
  1210 | D:2      | Found an ornate altar of the Wu Jian Council.
  1255 | D:2      | Found an ancient bone altar of Kikubaaqudgha.
  1270 | D:2      | Found an opulent altar of Gozag.
  1283 | D:2      | Became a worshipper of Gozag Ym Sagoz the Greedy
  1324 | D:2      | Reached skill level 5 in Shields
  1461 | D:2      | Noticed Terence
  1468 | D:2      | Killed Terence
  1468 | D:2      | Reached XP level 5. HP: 38/42 MP: 5/5
  1648 | D:2      | Noticed Natasha
  1708 | D:2      | Killed Natasha
  2102 | D:2      | Noticed Natasha
  2113 | D:2      | Killed Natasha
  2217 | D:2      | Noticed Natasha
  2231 | D:2      | Killed Natasha
  2231 | D:2      | Reached XP level 6. HP: 15/49 MP: 6/6
  2456 | D:3      | Found a shimmering altar of Xom.
  2558 | D:3      | Noticed an ogre
  2569 | D:3      | Killed an ogre
  2885 | D:3      | Noticed Robin
  2891 | D:3      | Killed Robin
  2999 | D:3      | Reached XP level 7. HP: 45/55 MP: 7/7
  3221 | D:3      | Found a stormy altar of Qazlal.
  3520 | D:4      | Noticed Menkaure
  3779 | D:4      | Killed Menkaure
  3779 | D:4      | Reached skill level 5 in Fighting
  4170 | D:4      | Found a sparkling altar of Nemelex Xobeh.
  4209 | D:4      | Found a sacrificial altar of Ru.
  4276 | D:4      | Noticed Grinder
  4294 | D:4      | Killed Grinder
  4294 | D:4      | Reached XP level 8. HP: 43/63 MP: 8/8
  4999 | D:4      | Found Keiseem's Mass Market.
  5110 | D:4      | Reached skill level 5 in Staves
  5289 | D:5      | Entered Level 5 of the Dungeon
  5364 | D:5      | Found a glowing golden altar of the Shining One.
  5682 | D:5      | Found Kutuygi's Weapon Shop.
  5689 | D:5      | Bought a +0 quarterstaff of speed for 182 gold pieces
  6225 | D:5      | Found Lanaomit's Weapon Boutique.
  6583 | D:6      | Reached XP level 9. HP: 66/72 MP: 9/9
  6940 | D:6      | Found a burning altar of Makhleb.
  6982 | D:6      | Found a staircase to the Ecumenical Temple.
  7040 | Temple   | Entered the Ecumenical Temple
  7481 | D:6      | Reached skill level 5 in Armour
  7715 | D:7      | Found an iron altar of Okawaru.
  7715 | D:7      | Noticed an oklob plant
  7721 | D:7      | Killed an oklob plant
  7721 | D:7      | Reached XP level 10. HP: 82/82 MP: 10/10
  7913 | D:7      | Found a burning altar of Makhleb.
  7959 | D:7      | Noticed a green death
  7960 | D:7      | Found a glowing silver altar of Zin.
  7960 | D:7      | Noticed an angel
  8953 | D:8      | Found a runed translucent door.
  8953 | D:8      | Noticed a manticore
  8953 | D:8      | Noticed a centaur warrior
  8953 | D:8      | Noticed a centaur warrior
  8955 | D:8      | Noticed a fire giant
  8955 | D:8      | Noticed a yaktaur
  8955 | D:8      | Noticed a fire crab
  8955 | D:8      | Noticed a six-headed hydra
  8955 | D:8      | Noticed a great orb of eyes
  9259 | D:9      | Found a staircase to the Orcish Mines.
  9608 | D:9      | Reached skill level 10 in Fighting
  9710 | D:9      | Reached XP level 11. HP: 80/91 MP: 11/11
  9896 | D:9      | Found a basalt altar of Yredelemnul.
 10382 | D:9      | Found a white marble altar of Elyvilon.
 10482 | Orc:1    | Entered Level 1 of the Orcish Mines
 10856 | Orc:1    | Noticed a two-headed ogre
 10884 | D:9      | Killed a two-headed ogre
 11346 | Orc:1    | Noticed a two-headed ogre
 11369 | Orc:1    | Killed a two-headed ogre
 11369 | Orc:1    | Reached skill level 10 in Staves
 11846 | Orc:2    | Entered Level 2 of the Orcish Mines
 12205 | Orc:1    | Noticed an orc sorcerer
 12207 | Orc:1    | Noticed a sun demon
 12245 | Orc:1    | Killed an orc sorcerer
 12299 | Orc:1    | Noticed an orc sorcerer
 12303 | Orc:1    | Killed an orc sorcerer
 12303 | Orc:1    | Reached skill level 10 in Armour
 12303 | Orc:1    | Reached XP level 12. HP: 74/100 MP: 12/12
 12522 | Orc:2    | Noticed Urug
 12559 | Orc:2    | Killed Urug
 12775 | Orc:2    | Noticed a sixfirhy
 12776 | Orc:2    | Noticed a sun demon
 13185 | Orc:2    | Found a bloodstained altar of Trog.
 13218 | Orc:2    | Noticed an orc warlord
 13355 | Orc:1    | Killed an orc warlord
 13855 | Orc:2    | Noticed an orc high priest
 13999 | Orc:2    | Noticed a sixfirhy
 14133 | Orc:1    | Killed an orc high priest
 14785 | Orc:2    | Found a roughly hewn altar of Beogh.
 15100 | Orc:2    | Found Miuzxor's Antique Armour Boutique.
 15108 | Orc:2    | Found Ochuasua's General Store.
 15151 | Orc:2    | Bought a scroll of fear for 56 gold pieces
 15187 | Orc:2    | Found Xyfaddot's Jewellery Boutique.
 15202 | Orc:2    | Found Ikaedoga's Antique Weapon Boutique.
 15274 | Orc:2    | Found an iron altar of Okawaru.
 15287 | Orc:2    | Found a staircase to the Elven Halls.
 15399 | Orc:2    | Bought a scroll of fear for 56 gold pieces
 15521 | D:10     | Entered Level 10 of the Dungeon
 15551 | D:10     | Reached skill level 1 in Dodging
 15630 | D:10     | Reached XP level 13. HP: 83/111 MP: 13/13
 15851 | D:10     | Found a staircase to the Lair.
 16556 | D:11     | Found an iron altar of Okawaru.
 16669 | D:11     | Reached skill level 5 in Dodging
 16811 | D:11     | Noticed a three-headed hydra
 16840 | D:11     | Killed a three-headed hydra
 17116 | D:11     | Found Fijucvoh's Distillery.
 17119 | D:11     | Bought a potion of mutation for 120 gold pieces
 17119 | D:11     | Bought a potion of curing for 45 gold pieces
 17119 | D:11     | Bought a potion of curing for 45 gold pieces
 17119 | D:11     | Bought a potion of curing for 45 gold pieces
 17119 | D:11     | Bought a potion of might for 60 gold pieces
 17119 | D:11     | Bought a potion of degeneration for 15 gold pieces
 17119 | D:11     | Bought a potion of might for 60 gold pieces
 17119 | D:11     | Bought 2 potions of heal wounds for 150 gold pieces
 17119 | D:11     | Bought a potion of heal wounds for 75 gold pieces
 17123 | D:11     | Gained mutation: You evolve. [potion of mutation]
 17123 | D:11     | Gained mutation: You have an increased reservoir of magic.
                  | (+10% MP) [potion of mutation]
 17782 | D:11     | Noticed a centaur warrior
 17804 | D:11     | Killed a centaur warrior
 18020 | D:11     | Noticed a centaur warrior
 18033 | D:11     | Found an iron altar of Okawaru.
 18042 | D:11     | Killed a centaur warrior
 18209 | D:11     | Got a pair of bloodstained boots
 18220 | D:11     | Identified the +0 pair of boots "Geolifu" {rF- Str+3 Dex+6}
                  | (You found it on level 11 of the Dungeon)
 18493 | D:12     | Noticed a six-headed hydra
 18508 | D:12     | Killed a six-headed hydra
 18567 | D:12     | Found a runed translucent gate.
 18567 | D:12     | Found a runed translucent gate.
 18567 | D:12     | Found a runed translucent gate.
 18589 | D:12     | Noticed a five-headed hydra
 18621 | D:12     | Killed a five-headed hydra
 18621 | D:12     | Reached XP level 14. HP: 82/120 MP: 15/15
 18802 | D:12     | Noticed a tengu reaver
 18820 | D:12     | Found a runed translucent gate.
 18821 | D:12     | Found a runed translucent gate.
 18821 | D:12     | Found a runed translucent gate.
 19706 | D:12     | You fall into a shaft and drop 1 floor!
 19822 | D:13     | Reached skill level 1 in Spellcasting
 20020 | D:13     | Noticed Frances
 20085 | D:13     | Killed Frances
 20928 | D:14     | Reached skill level 5 in Spellcasting
 21221 | D:14     | Noticed Kirke
 21286 | D:14     | Killed Kirke
 21376 | D:14     | Got a slimy falchion
 21377 | D:14     | Identified the +11 falchion of the Madman {slice, rN++
                  | Str+5 Dex-3} (You found it on level 14 of the Dungeon)
 21413 | D:14     | Reached skill level 1 in Long Blades
 21681 | D:14     | Found a gate to the Vaults.
 21795 | D:15     | Entered Level 15 of the Dungeon
 21853 | D:15     | Reached XP level 15. HP: 120/126 MP: 24/26
 22718 | D:15     | Reached skill level 5 in Long Blades
 22747 | D:15     | Gained mutation: Your flesh is heat resistant. (rF+)
                  | [evolution]
 22747 | D:15     | Lost mutation: You evolve. [end of evolution]
 23420 | D:15     | Found a staircase to the Depths.
 23594 | Lair:1   | Entered Level 1 of the Lair of Beasts
 25530 | Lair:3   | Found a staircase to the Snake Pit.
 25580 | Lair:3   | Found a staircase to the Swamp.
 25789 | Lair:3   | Found a transporter.
 25804 | Lair:3   | Found a bloodstained altar of Trog.
 25811 | Lair:3   | Found a transporter.
 25814 | Lair:3   | Noticed Naannir's ghost (journeyman SpAs)
 25822 | Lair:3   | Identified the +1 spear of Fortitude {pierce, rC++ Str+3}
 26073 | Lair:4   | Found a radiant altar of Vehumet.
 27324 | Lair:5   | Found a transporter.
 27327 | Lair:5   | Found a transporter.
 27327 | Lair:5   | Noticed Libboc's ghost (journeyman DEFE)
 27530 | Lair:6   | Entered Level 6 of the Lair of Beasts
 27554 | Lair:6   | Found a runed translucent door.
 27554 | Lair:6   | Found a viscous altar of Jiyva.
 27575 | Lair:6   | Noticed an acid blob
 27702 | Lair:6   | Reached XP level 16. HP: 109/133 MP: 25/31
 27792 | Lair:6   | Found a frozen archway.
 27801 | IceCv    | Entered an ice cave
 27872 | IceCv    | Found a transporter.
 27972 | IceCv    | Found a transporter.
 27985 | IceCv    | Killed from afar by an ice statue

Levels and vault maps discovered:
D:1:      ncdulo_smallfort, layout_basic, hex_medium,
          chequers_serial_rivers_micro_a, minmay_lizard_king
D:2:      layout_basic, eat_drink_and_be_merry_uskayaw, old_standard_altar,
          nicolae_gozag_seed_capital, lemuel_crystal_altar, uniq_terence,
          uniq_natasha
D:3:      layout_loops_ring, lemuel_coloured_pillars_altar,
          nicolae_overflow_crystal_walls, uniq_robin
D:4:      layout_loops_ring, nicolae_overflow_hidden_temple,
          grunt_ministairs_14, hangedman_decor_diamond_cutter, st_stairs_14,
          minmay_crystal_water, hangedman_feature_mirror, minmay_shop_mass,
          corexii_checkpoint_a, nemelex_spade_bored_becter, uniq_grinder,
          uniq_menkaure
D:5:      layout_basic, lemuel_crystal_altar, first_ration, serial_shops,
          nicolae_shop_behind_doors, shop_statue
D:6:      layout_rooms, minmay_temple_entry_large_hall, makhleb_heckhound_becter
D:7:      layout_loops_cross, grunt_temple_overflow_order_and_chaos_2,
          lemuel_oklob_altar
D:8:      minmay_gate_of_8, layout_rooms
D:9:      layout_cave_pods, kennysheep_ying_yang, orc_0_dummy
D:10:     layout_irregular_city, minmay_lair_entry_grove
D:11:     evilmike_iron_armoury, layout_small_grid, serial_shops,
          kennysheep_mini_moat, basic_altar, hangedman_ranch
          [blue_anna_fruit_fields]
D:12:     kennysheep_treasure_stockpile, layout_long_grid
D:13:     layout_small_grid, uniq_frances
D:14:     layout_big_octagon, david_vaults_4, hangedman_abyss_or_decor_stabs,
          uniq_kirke
D:15:     hangedman_depths_entry_civil_slaughter, layout_loops_cross
Temple:   dpeg_chambers_temple
Lair:1:   layout_loops_ring, beast_lair_carwin_9, lemuel_fruit_fields
Lair:2:   layout_chaotic_city
Lair:3:   layout_chaotic_city, minmay_swamp_entry_worms,
          minmay_snake_entry_guardpost_small, gammafunk_ghost_wrathful_warriors
Lair:4:   layout_loops_ring, basic_altar, serial_bayou_lake_a,
          grunt_megastairs_2, lemuel_fruit_tree, infiniplex_staircase_pool,
          serial_bayou_shore_a
Lair:5:   layout_hall_layers, gammafunk_ghost_arena
Lair:6:   evilmike_catoblepas_cave, layout_gridlike, slime_altar_2,
          portal_ice_cave_entry_pillars_2, minmay_lair_oklob_bushes,
          st_stairs_3, kennysheep_basilisk_garden, uniq_rupert
Orc:1:    layout_caves
Orc:2:    grunt_orc_cross, layout_caves, basic_altar, okawaru_metal_pillars_1_2
IceCv:    ice_cave_statue_garden_transporter

Skill      XL: |  1  2  3  4  5  6  7  8  9 10 11 12 13 14 15 |
---------------+----------------------------------------------+-----
Shields        | 4 5 6 8 9 |  9.0
Fighting       | 4 5 7 8 10 11 13 14 | 14.0
Staves         | 3 4 6 7 9 10 12 13 14 | 14.4
Armour         | 5 8 10 11 | 11.0
Dodging        | 2 7 9 |  9.0
Spellcasting   | 5 8 |  8.4
Long Blades    | 2 8 |  8.7

Action                   |  1- 3 |  4- 6 |  7- 9 | 10-12 | 13-15 | 16-18 || total
-------------------------+-------+-------+-------+-------+-------+-------++-------
Melee: Quarterstaff      |   123 |   177 |   443 |  1146 |  2119 |    12 ||  4020
       Falchion          |       |       |       |       |     9 |    54 ||    63
Throw: Javelin           |       |       |       |       |     3 |       ||     3
Invok: Potion Petition   |       |       |       |     2 |     2 |     1 ||     5
 Abil: Dig               |       |       |     4 |    11 |    11 |     2 ||    28
Evoke: Wand              |       |       |     4 |    15 |    30 |       ||    49
  Use: Scroll            |       |     3 |     2 |     8 |     7 |       ||    20
       Potion            |       |       |       |       |     5 |       ||     5
 Stab: Distracted        |       |       |     2 |     4 |     5 |     1 ||    12
       Confused          |       |       |       |     4 |     1 |       ||     5
       Paralysed         |       |       |       |       |    10 |       ||    10
       Invisible         |       |       |       |       |     3 |       ||     3
  Eat: Chunk             |       |     2 |       |       |       |       ||     2
       Ration            |       |     2 |     4 |     9 |    14 |     1 ||    30
Armor: Scale mail        |    58 |    41 |    69 |   128 |       |       ||   296
       Chain mail        |       |       |       |     8 |   293 |    13 ||   314
Dodge: Dodged            |    39 |    44 |    89 |   128 |   337 |    18 ||   655
       Deflected         |       |       |     2 |    10 |    17 |       ||    29
Block: Shield            |    77 |    84 |   203 |   430 |   741 |    27 ||  1562
       Rpst.: Falchion   |       |       |       |       |     2 |     4 ||     6

Table legend:
 A = Non-vault XP
 B = Vault XP
 C = Vault XP percentage of total XP
 D = Non-vault monster count
 E = Vault monster count
 F = Vault count percentage of total count
                 A         B        C        D         E       F
            +---------+---------+-------+---------+---------+-------
      Total |   70909 |   39706 |  35.9 |     570 |     161 |  22.0
            +---------+---------+-------+---------+---------+-------
        D:1 |      38 |      11 |  22.4 |      23 |       9 |  28.1
        D:2 |     171 |      72 |  29.6 |      32 |       2 |   5.9
        D:3 |     281 |      30 |   9.6 |      35 |       9 |  20.5
        D:4 |     404 |     465 |  53.5 |      17 |      11 |  39.3
        D:5 |     504 |       0 |   0.0 |      21 |       0 |   0.0
        D:6 |    1613 |      43 |   2.6 |      32 |       1 |   3.0
        D:7 |     732 |     527 |  41.9 |      15 |       1 |   6.2
        D:8 |    1313 |       0 |   0.0 |      32 |       0 |   0.0
        D:9 |    4103 |       0 |   0.0 |      48 |       0 |   0.0
       D:10 |    5469 |    1941 |  26.2 |      24 |      13 |  35.1
       D:11 |    3573 |    6718 |  65.3 |      29 |      26 |  47.3
       D:12 |    6819 |    3790 |  35.7 |      36 |      13 |  26.5
       D:13 |    5812 |    2283 |  28.2 |      20 |       1 |   4.8
       D:14 |    6302 |    5836 |  48.1 |      23 |       9 |  28.1
       D:15 |    8146 |    3607 |  30.7 |      18 |       5 |  21.7
     Lair:1 |    4628 |    1221 |  20.9 |      22 |       4 |  15.4
     Lair:2 |    3383 |       0 |   0.0 |      15 |       0 |   0.0
     Lair:3 |    1976 |    1391 |  41.3 |      10 |       7 |  41.2
     Lair:4 |    4174 |     545 |  11.5 |      21 |       2 |   8.7
     Lair:5 |    4034 |       0 |   0.0 |      14 |       0 |   0.0
     Lair:6 |    1168 |    1864 |  61.5 |       5 |       5 |  50.0
      Orc:1 |    4901 |    5108 |  51.0 |      59 |      13 |  18.1
      Orc:2 |    1365 |    2921 |  68.2 |      19 |      23 |  54.8
      IceCv |       0 |    1333 | 100.0 |       0 |       7 | 100.0
            +---------+---------+-------+---------+---------+-------
